[Event "Early-Titled-Tuesday-Blitz-April-02-2024"]
[Site "Chess.com"]
[Date "2024.04.02"]
[Round "11"]
[White "Darkdefense15"]
[Black "Orphanator2009"]
[Result "0-1"]
[WhiteElo "2339"]
[BlackElo "2525"]
[TimeControl "180+1"]
[EndTime "10:04:55 PDT"]
[Termination "Orphanator2009 won by checkmate"]

1. d4 Nf6 2. Bf4 e6 3. e3 d5 4.
Nf3 c5 5. Nbd2 Nc6 6. c3 Bd6 7. Bg3 O-O 8. Bd3 Re8 9. Ne5 Qc7 10. f4 g6 11. Bh4 Nd7 12. Qg4 f5 13. Qg3 Ndxe5 14.
fxe5 Bf8 15. O-O b6 16. Bf6 a5 17. h4 Ba6 18. Bxa6 Rxa6 19. h5 Qf7 20. Nf3 Bh6 21. Nh4 g5 22. Bxg5 Qg7 23. Nf3 Nd8 24. Qh4 Bxg5 25.
Nxg5 Nf7 26. Nxf7 Kxf7 27. Rf3 Rg8 28. Raf1 Qxg2# 0-1

[Event "Early-Titled-Tuesday-Blitz-April-02-2024"]
[Site "Chess.com"]
[Date "2024.04.02"]
[Round "11"]
[White "Matrix3x3a"]
[Black "LeoLV10"]
[Result "0-1"]
[WhiteElo "2590"]
[BlackElo "2532"]
[TimeControl "180+1"]
[EndTime "10:05:09 PDT"]
[Termination "LeoLV10 won by resignation"]

1. d4 Nf6 2. c4 e6 3. Nf3 c5 4.
d5 exd5 5. cxd5 d6 6. Nc3 g6 7. Bf4 Bg7 8. e3 O-O 9. h3 a6 10. a4 Qe7 11. Bd3 Re8 12. O-O Nbd7 13. Bh2 Rb8 14. Re1 Nb6 15. e4 Nfd7 16. Kh1 Ne5 17. Nxe5 dxe5 18. Qe2 Bd7 19. b3 Nc8 20. Nd1 Nd6 21.
Ne3 Rec8 22. Nc4 b5 23. Nxd6 Qxd6 24. axb5 axb5 25. Rf1 g5 26. Ra5 c4 27. bxc4 bxc4 28. Bc2 c3 29. Ra2 Rb2 30. Rxb2 cxb2 31. Bb1 Rc1 32. Kg1 Qb4 33. Rd1 Bb5 34. Qg4 Qe1+ 0-1

[Event "Early-Titled-Tuesday-Blitz-April-02-2024"]
[Site "Chess.com"]
[Date "2024.04.02"]
[Round "11"]
[White "Joachim100x"]
[Black "Yan_Dyomin2010"]
[Result "1/2-1/2"]
[WhiteElo "2561"]
[BlackElo "2696"]
[TimeControl "180+1"]
[EndTime "10:05:14 PDT"]
[Termination "Game drawn - insufficient material"]

1. e4 c5 2. Nf3 Nc6 3. b3 g6 4.
Bb2 Nf6 5. d4 cxd4 6. Nxd4 Bg7 7. Nxc6 bxc6 8. Bd3 O-O 9. O-O d5 10. exd5 cxd5 11. c4 Be6 12. cxd5 Qxd5 13. Nc3 Qg5 14.
Qc1 Qh5 15. Be2 Bg4 16. Bxg4 Nxg4 17. h3 Ne5 18. Qd1 Qxd1 19. Raxd1 Rfd8 20. Rxd8+ Rxd8 21. Rd1 Rxd1+ 22. Nxd1 Nc6 23. Bxg7 Kxg7 24. Kf1 Kf6 25. Ke2 Ke5 26. Ke3 f5 27. f4+ Kd5 28. Nc3+ Kc5 29. a3 a5 30. Na4+ Kd6 31. Nc3 e5 32. fxe5+ Kxe5 33.
Ne2 g5 34. g3 h6 35. h4 Ne7 36. hxg5 hxg5 37. Nc3 Nc6 38. Ne2 Ke6 39. Nd4+ Nxd4 40. Kxd4 Kd6 41. b4 axb4 42. axb4 Kc6 43. Ke5 f4 44. gxf4 gxf4 45. Kxf4 Kb5 46. Ke4 Kxb4 1/2-1/2

[Event "Early-Titled-Tuesday-Blitz-April-02-2024"]
[Site "Chess.com"]
[Date "2024.04.02"]
[Round "11"]
[White "ricaurtelopezj1955"]
[Black "MaxLeto"]
[Result "0-1"]
[WhiteElo "2157"]
[BlackElo "2441"]
[TimeControl "180+1"]
[EndTime "10:05:17 PDT"]
[Termination "MaxLeto won by resignation"]

1. e4 c5 2. Nf3 d6 3. d4 cxd4 4. Nxd4 Nf6 5. Nc3 a6 6. f4 Nbd7 7. Nf3 Qc7 8. Bd3 e6 9. O-O b5 10. Kh1 Bb7 11. Qe2 Nc5 12. a3 Be7 13. Bd2 O-O 14.
Rae1 Rfd8 15. e5 Ne8 16. Ng5 Nxd3 17. cxd3 Bxg5 18. fxg5 dxe5 19. Ne4 Nd6 20. Nf6+ gxf6 21. gxf6 Kh8 22. Bh6 Nf5 23. Rxf5 exf5 24. Bg7+ Kg8 25.
Qh5 Rd4 26. Qg5 Rg4 0-1

[Event "Early-Titled-Tuesday-Blitz-April-02-2024"]
[Site "Chess.com"]
[Date "2024.04.02"]
[Round "11"]
[White "Matols"]
[Black "DonCiao"]
[Result "1-0"]
[WhiteElo "2364"]
[BlackElo "2034"]
[TimeControl "180+1"]
[EndTime "10:05:20 PDT"]
[Termination "Matols won by resignation"]

1. d4 Nf6 2. c4 g6 3. g3 d5 4.
cxd5 Nxd5 5. Bg2 Bg7 6. Nf3 Nb6 7. Nc3 Nc6 8. e3 O-O 9. O-O Re8 10. Re1 e5 11. d5 Na5 12. b3 c6 13. e4 cxd5 14.
exd5 f5 15. Bg5 Qd7 16. Rc1 e4 17. Nh4 Bxc3 18. Rxc3 Qf7 19. Rc5 Nc6 20. dxc6 bxc6 21. Rxc6 Bb7 22. Rc5 Red8 23. Qc2 Rac8 24. b4 Rd3 25. Bf1 Ra3 26. Rxc8+ Bxc8 27. Rd1 Rxa2 28. Rd8+ Kg7 29. Qc3+ 1-0

[Event "Early-Titled-Tuesday-Blitz-April-02-2024"]
[Site "Chess.com"]
[Date "2024.04.02"]
[Round "11"]
[White "Smiechu"]
[Black "Predator0608"]
[Result "0-1"]
[WhiteElo "2460"]
[BlackElo "2573"]
[TimeControl "180+1"]
[EndTime "10:05:26 PDT"]
[Termination "Predator0608 won by resignation"]

1. e4 b6 2. d4 Bb7 3. Bd3 e6 4. Nc3 Ne7 5. Be3 d5 6. f3 Nd7 7. Qd2 c5 8. Nh3 cxd4 9. Bxd4 Nc6 10.
Bf2 d4 11. Ne2 Bb4 12. c3 dxc3 13. bxc3 Bc5 14. Nd4 O-O 15. O-O Qe7 16. Nxc6 Bxc6 17. Bxc5 Nxc5 18. Bc2 Rfd8 19. Qf2 Rd7 20. Rad1 Rad8 21.
Nf4 h6 22. h3 Rxd1 23. Rxd1 Rxd1+ 24. Bxd1 Qd6 25. Qg3 Qxd1+ 26. Kh2 Qd6 27. h4 e5 28. Nh5 g6 29. Qg4 Bd7 30. Qg3 Kh7 31. f4 gxh5 32. fxe5 Qg6 33. Qf4 Nxe4 0-1

[Event "Early-Titled-Tuesday-Blitz-April-02-2024"]
[Site "Chess.com"]
[Date "2024.04.02"]
[Round "11"]
[White "toninhojit"]
[Black "ChainedDowntohell"]
[Result "1-0"]
[WhiteElo "2518"]
[BlackElo "2564"]
[TimeControl "180+1"]
[EndTime "10:05:29 PDT"]
[Termination "toninhojit won by checkmate"]

1. d4 Nf6 2. c4 b6 3. f3 e6 4. e4 d5 5. cxd5 exd5 6. e5 Ng8 7. f4 Ne7 8. Nf3 Bf5 9. Bd3 Qd7 10. O-O Nbc6 11.
Nc3 h6 12. Be3 O-O-O 13. Ba6+ Kb8 14. a3 Na5 15. Rc1 Rg8 16. Nd2 g5 17. b4 gxf4 18. Rxf4 Nac6 19. Bb5 Qe6 20. Qa4 Bh3 21. g3 Nf5 22.
Rxf5 Qxf5 23. Bxc6 Qd3 24. Bf4 Qxd4+ 25. Kh1 a6 26.
Qxa6 Bc8 27. Qa8# 1-0

[Event "Early-Titled-Tuesday-Blitz-April-02-2024"]
[Site "Chess.com"]
[Date "2024.04.02"]
[Round "11"]
[White "Felix-Rose"]
[Black "Kushch_Nikolai"]
[Result "1-0"]
[WhiteElo "2327"]
[BlackElo "2399"]
[TimeControl "180+1"]
[EndTime "10:05:29 PDT"]
[Termination "Felix-Rose won by resignation"]

1. e4 c5 2. Nf3 e6 3. d4 cxd4 4.
Nxd4 a6 5. c4 Nf6 6. Nc3 Qc7 7.
a3 b6 8. Be2 Bb7 9. f3 Bd6 10.
Ndb5 axb5 11. Nxb5 Bg3+ 12. hxg3 Qxg3+ 13. Kf1 O-O 14. Qd6 Qg6 15. Bd3 Ne8 16. Qh2 d5 17. Nd6 Nxd6 18.
Qxd6 dxe4 19. Bc2 Rc8 20. Qxb6 Ba6 21. Bxe4 Bxc4+ 22. Kf2 Ra6 23. Qb7 Qf6 24. Qxc8+ 1-0

[Event "Early-Titled-Tuesday-Blitz-April-02-2024"]
[Site "Chess.com"]
[Date "2024.04.02"]
[Round "11"]
[White "Mikhail_Golubev"]
[Black "secrethawk1"]
[Result "1/2-1/2"]
[WhiteElo "2599"]
[BlackElo "2433"]
[TimeControl "180+1"]
[EndTime "10:05:32 PDT"]
[Termination "Game drawn by repetition"]

1. e4 e6 2. d4 d5 3. e5 c5 4. c3 Nc6 5. Nf3 cxd4 6. cxd4 Nge7 7. Nc3 Nf5 8. g3 Qb6 9. Ne2 Bb4+ 10. Bd2 Bxd2+ 11. Qxd2 Qb4 12. O-O-O Bd7 13. Qxb4 Nxb4 14.
Nc3 Rc8 15. Kb1 a5 16. g4 Ne7 17. h3 h5 18. Be2 Ng6 19. a3 Nc6 20. Nb5 Ke7 21.
Nd6 Rb8 22. Bb5 Nf4 23. g5 Rhf8 24. h4 Na7 25. Bf1 Nc8 26. Nb5 Nb6 27. Nd6 Nc8 28.
Nb5 Nb6 29. Nd6 Nc8 1/2-1/2

[Event "Early-Titled-Tuesday-Blitz-April-02-2024"]
[Site "Chess.com"]
[Date "2024.04.02"]
[Round "11"]
[White "HanSchut"]
[Black "Barbix1"]
[Result "1-0"]
[WhiteElo "2253"]
[BlackElo "2281"]
[TimeControl "180+1"]
[EndTime "10:05:35 PDT"]
[Termination "HanSchut won by resignation"]

1. e4 c5 2. Nf3 g6 3. c4 Nc6 4. d4 cxd4 5. Nxd4 Nf6 6. Nc3 Nxd4 7.
Qxd4 d6 8. Bg5 Bg7 9. Rc1 O-O 10.
Qd2 a5 11. b3 a4 12. b4 Be6 13.
f3 Rc8 14. Nb5 Nd7 15. a3 Ne5 16. Qa2 Qb6 17. Bxe7 Qxb5 18. Bxf8 Bxf8 19. cxb5 Bxa2 20. Rxc8 1-0

[Event "Early-Titled-Tuesday-Blitz-April-02-2024"]
[Site "Chess.com"]
[Date "2024.04.02"]
[Round "11"]
[White "nikitakhoroshev"]
[Black "NastyaHn"]
[Result "0-1"]
[WhiteElo "2559"]
[BlackElo "2477"]
[TimeControl "180+1"]
[EndTime "10:05:43 PDT"]
[Termination "NastyaHn won by resignation"]

1. e4 e6 2. d3 d5 3. Nd2 Nf6 4. Ngf3 c5 5. g3 Nc6 6. Bg2 Be7 7. O-O O-O 8. e5 Nd7 9. Re1 Qc7 10. Qe2 b5 11. Nf1 Bb7 12. h4 Rac8 13. Bf4 Rfd8 14.
Ne3 Nd4 15. Qd1 Nxf3+ 16. Qxf3 d4 17. Qxb7 dxe3 18. fxe3 Nb6 19. Qf3 Nd5 20. e4 Nxf4 21. gxf4 c4 22. d4 Rxd4 23. Rad1 Qc5 24. Kh2 Bxh4 25.
Rf1 Be7 26. c3 Rdd8 27. Qg3 Rxd1 28. Rxd1 Rd8 29. Rxd8+ Bxd8 30. f5 Bc7 31. Qh4 Qxe5+ 32. Kh3 Qh2+ 33. Kg4 Qxg2+ 0-1

[Event "Early-Titled-Tuesday-Blitz-April-02-2024"]
[Site "Chess.com"]
[Date "2024.04.02"]
[Round "11"]
[White "ActorXu"]
[Black "Beca95"]
[Result "0-1"]
[WhiteElo "2857"]
[BlackElo "2956"]
[TimeControl "180+1"]
[EndTime "10:05:47 PDT"]
[Termination "Beca95 won by checkmate"]

1. e4 c5 2. Nf3 d6 3. Bb5+ Nd7 4.
d4 a6 5. Bxd7+ Bxd7 6. dxc5 dxc5 7. O-O e6 8. Nc3 Ne7 9. Bg5 f6 10. Be3 Nc6 11. e5 f5 12. Qe2 Qc7 13. Rad1 Be7 14. h4 h6 15. Bf4 g5 16. hxg5 hxg5 17. Bxg5 Nd4 18. Nxd4 Bxg5 19. Nf3 Be7 20. Rd2 O-O-O 21. Rfd1 Bc6 22. Rxd8+ Bxd8 23. Qc4 Qh7 24. Kf1 Qh1+ 25. Ke2 Qxg2 26. Qxe6+ Kb8 27. Nd5 Bb5+ 28. Ke3 Rh3 29. Qd6+ Ka7 30. Kd2 Rxf3 31. Qxd8 Rxf2+ 32. Kc3 Rxc2+ 33. Kb3 Rxb2+ 34. Ka3 Rxa2+ 35. Kb3 Qb2# 0-1

[Event "Early-Titled-Tuesday-Blitz-April-02-2024"]
[Site "Chess.com"]
[Date "2024.04.02"]
[Round "11"]
[White "JJDAREK"]
[Black "kleber2007"]
[Result "0-1"]
[WhiteElo "2334"]
[BlackElo "2465"]
[TimeControl "180+1"]
[EndTime "10:05:50 PDT"]
[Termination "kleber2007 won by resignation"]

1. c4 c5 2. g3 g6 3. Bg2 Bg7 4. Nc3 Nc6 5. d3 d6 6. Qd2 Qd7 7. b3 b6 8. Bb2 Bb7 9. h4 h5 10.
Nh3 e5 11. Nd5 Nge7 12. Ng5 Nxd5 13. Bxd5 O-O 14. O-O Nd4 15. Bxb7 Qxb7 16. Bxd4 cxd4 17. Ne4 d5 18. cxd5 Qxd5 19. Rac1 Rac8 20. Rxc8 Rxc8 21. Rc1 Rc6 22. Rxc6 Qxc6 23. f3 f5 24. Nf2 Kh7 25.
Nh3 Bh6 26. f4 Qc3 27. Qd1 e4 28. dxe4 Qxg3+ 29. Kf1 Qxh3+ 0-1

[Event "Early-Titled-Tuesday-Blitz-April-02-2024"]
[Site "Chess.com"]
[Date "2024.04.02"]
[Round "11"]
[White "Cheer_Down"]
[Black "Saxar85"]
[Result "0-1"]
[WhiteElo "2484"]
[BlackElo "2744"]
[TimeControl "180+1"]
[EndTime "10:05:53 PDT"]
[Termination "Saxar85 won by resignation"]

1. e4 e5 2. Nf3 Nc6 3. Bc4 Bc5 4.
c3 Nf6 5. d3 d6 6. O-O h6 7.
Re1 O-O 8. h3 a6 9. a4 Ba7 10.
Nbd2 Be6 11. Bxe6 fxe6 12. b4 Nh5 13. Nf1 Qe8 14. Ra2 Ne7 15. Ne3 Nf4 16. Ng4 Neg6 17.
d4 Qf7 18. Be3 Nxh3+ 19. gxh3 Qxf3 20. Qxf3 Rxf3 21. dxe5 Bxe3 22. Rxe3 Rxe3 23. fxe3 h5 24. Nf2 Nxe5 25. Kg2 g5 26. a5 Kg7 27. Rd2 Rf8 28.
Nd3 Nc4 29. Re2 Kf6 30. e5+ Nxe5 31. Rf2+ Ke7 32. Rxf8 Kxf8 33. Nxe5 dxe5 34. e4 Ke7 35. c4 Kd6 36. Kf3 Kc6 0-1

[Event "Early-Titled-Tuesday-Blitz-April-02-2024"]
[Site "Chess.com"]
[Date "2024.04.02"]
[Round "11"]
[White "Aleksandar-Topalov"]
[Black "romulocardoso"]
[Result "1-0"]
[WhiteElo "2348"]
[BlackElo "2441"]
[TimeControl "180+1"]
[EndTime "10:05:53 PDT"]
[Termination "Aleksandar-Topalov won by resignation"]

1. b3 Nf6 2. Bb2 g6 3. Bxf6 exf6 4. c4 Bg7 5. Nc3 O-O 6. e3 c6 7. Nge2 d5 8. cxd5 cxd5 9. d4 a6 10. g3 b5 11. Bg2 b4 12. Nxd5 Ra7 13. Nxb4 Qa5 14. Qd2 Bb7 15. Bxb7 Rxb7 16. Nd3 Qd5 17. O-O h5 18. Nef4 Qf5 19. Nc5 Re7 20. Qd3 Qg4 21.
h3 Qg5 22. h4 Qg4 23. Qd1 Qc8 24. Rc1 Qd8 25. Qf3 Qa5 26. Rc2 Rd8 27. Rfc1 f5 28. Nb7 1-0

[Event "Early-Titled-Tuesday-Blitz-April-02-2024"]
[Site "Chess.com"]
[Date "2024.04.02"]
[Round "11"]
[White "tarno17"]
[Black "MarceloPlaya"]
[Result "0-1"]
[WhiteElo "2129"]
[BlackElo "2391"]
[TimeControl "180+1"]
[EndTime "10:05:53 PDT"]
[Termination "MarceloPlaya won by resignation"]

1. e4 e6 2. d4 d5 3. Nd2 c5 4. exd5 exd5 5. Bb5+ Nc6 6. Ne2 Bd6 7. Nf3 Ne7 8. dxc5 Bxc5 9. O-O O-O 10. Ng3 Bg4 11.
h3 Bxf3 12. Qxf3 Nd4 13. Qd3 Nxb5 14. Qxb5 Qd6 15. Qd3 Rad8 16. c3 Ng6 17. Be3 b6 18. Nf5 Qf6 19. Bd4 Qg5 20. Bxg7 Nf4 21. Qg3 Ne2+ 22.
Kh2 0-1

[Event "Early-Titled-Tuesday-Blitz-April-02-2024"]
[Site "Chess.com"]
[Date "2024.04.02"]
[Round "11"]
[White "Jospem"]
[Black "TigrVShlyape"]
[Result "0-1"]
[WhiteElo "3046"]
[BlackElo "2957"]
[TimeControl "180+1"]
[EndTime "10:05:54 PDT"]
[Termination "TigrVShlyape won by resignation"]

1. e4 e5 2. Nf3 Nc6 3. Nc3 Nf6 4. h3 d6 5. Bc4 h6 6. d3 g6 7. Be3 Bg7 8. a3 a6 9. Ba2 Qe7 10. Qd2 Be6 11. Nd5 Qd8 12. c4 Nd7 13. O-O Nd4 14. Bxd4 exd4 15. b4 g5 16. Nh2 c6 17. f4 cxd5 18. cxd5 Bxh3 19. gxh3 gxf4 20. Qxf4 Qg5+ 21. Kh1 Qxf4 22. Rxf4 Ne5 23. Rg1 Rg8 24. Ng4 Ke7 25. Rgf1 Raf8 26. Bb1 Nxg4 27. Rxg4 Be5 28. a4 h5 29. Rg2 Rxg2 30. Kxg2 Rc8 31. b5 a5 32.
Ba2 Rg8+ 33. Kf2 Rg3 34. Rc1 Rxh3 35. Bc4 b6 36. Ke2 h4 37. Bb3 Rh2+ 38. Kf3 Rd2 39. Rc7+ Kd8 0-1

[Event "Early-Titled-Tuesday-Blitz-April-02-2024"]
[Site "Chess.com"]
[Date "2024.04.02"]
[Round "11"]
[White "Vahe_Danielyan"]
[Black "the_chess_child"]
[Result "1-0"]
[WhiteElo "2657"]
[BlackElo "2814"]
[TimeControl "180+1"]
[EndTime "10:05:54 PDT"]
[Termination "Vahe_Danielyan won by resignation"]

1. d4 Nf6 2. c4 g6 3. Nc3 Bg7 4. e4 O-O 5. Nf3 d6 6. Be2 e5 7. d5 a5 8. Bg5 Na6 9. Nd2 h6 10.
Be3 Nd7 11. a3 f5 12. f3 Rb8 13. Rb1 Nf6 14. b4 axb4 15. axb4 c5 16. bxc5 Nxc5 17.
O-O Nh5 18. Nb3 Nxb3 19. Rxb3 Nf4 20. g3 Nh3+ 21. Kg2 f4 22. Bb6 Qg5 23. g4 h5 24.
Kxh3 hxg4+ 25. fxg4 f3 26. Bxf3 Rf4 27. Be3 Rxg4 28.
Bxg5 Rxg5+ 29. Bg4 1-0

[Event "Early-Titled-Tuesday-Blitz-April-02-2024"]
[Site "Chess.com"]
[Date "2024.04.02"]
[Round "11"]
[White "Baku_Boulevard"]
[Black "Zhigalko_Sergei"]
[Result "1-0"]
[WhiteElo "3036"]
[BlackElo "2886"]
[TimeControl "180+1"]
[EndTime "10:05:58 PDT"]
[Termination "Baku_Boulevard won by resignation"]

1. e4 c5 2. Nf3 Nc6 3. c3 Nf6 4. e5 Nd5 5. Bc4 Nb6 6. Bb3 c4 7. Bc2 d5 8. exd6 Qxd6 9. O-O Bg4 10. h3 Bh5 11. Re1 e6 12. b3 Be7 13. Na3 cxb3 14.
axb3 O-O 15. Nc4 Qc7 16. Nxb6 Qxb6 17. Qe2 Rfd8 18. d4 Rac8 19. Bxh7+ Kxh7 20. Ng5+ Bxg5 21. Qxh5+ Kg8 22. Bxg5 Rd5 23. Qg4 Qxb3 24. Bh6 g6 25. Rxe6 Rg5 26. Qxg5 Qxe6 27. d5 Qe5 28. dxc6 Qxc3 29.
Rc1 Qb2 30. c7 Kh7 31. Qh4 Kg8 32. Qd8+ 1-0

[Event "Early-Titled-Tuesday-Blitz-April-02-2024"]
[Site "Chess.com"]
[Date "2024.04.02"]
[Round "11"]
[White "bascheyaro"]
[Black "cakeuvdort"]
[Result "1-0"]
[WhiteElo "2820"]
[BlackElo "2453"]
[TimeControl "180+1"]
[EndTime "10:05:59 PDT"]
[Termination "bascheyaro won by checkmate"]

1. d4 d5 2. Nf3 Nf6 3. c4 c6 4. Nc3 e6 5. Bg5 dxc4 6. e3 b5 7. a4 Bb4 8. g3 Bb7 9. Bg2 Nbd7 10. O-O a6 11. Qb1 O-O 12. Rc1 h6 13. Bxf6 Qxf6 14. Ne4 Qe7 15. b3 cxb3 16. Qxb3 Rfc8 17. Rab1 a5 18. Ne1 bxa4 19. Qxa4 c5 20. Nd6 Bxg2 21. Nxc8 Rxc8 22. Nxg2 Nb6 23. Qb5 Nd5 24. dxc5 Nc3 25. Qa6 Nxb1 26. Qxc8+ Kh7 27. Rxb1 Bxc5 28. Nf4 Bb4 29.
Qc2+ Kg8 30. Nd3 Qd6 31. Nxb4 axb4 32. Qb3 Kh7 33. Qxb4 Qxb4 34. Rxb4 f6 35. Rb7 e5 36. e4 Kg6 37. f4 exf4 38. gxf4 h5 39. Kf2 h4 40. Kf3 Kh6 41. Kg4 g5 42. fxg5+ fxg5 43. Kf5 Kh5 44. Rh7# 1-0

[Event "Early-Titled-Tuesday-Blitz-April-02-2024"]
[Site "Chess.com"]
[Date "2024.04.02"]
[Round "11"]
[White "Hikaru"]
[Black "Rud_Makarian"]
[Result "1-0"]
[WhiteElo "3264"]
[BlackElo "3031"]
[TimeControl "180+1"]
[EndTime "10:06:06 PDT"]
[Termination "Hikaru won by resignation"]

1. d4 Nf6 2. Bg5 d5 3. e3 Bf5 4. c4 dxc4 5. Bxc4 e6 6. Qb3 Qc8 7. Nc3 Nbd7 8. Rc1 c6 9. Nge2 h6 10. Bh4 Nb6 11. Bxf6 gxf6 12. e4 Bg6 13. Bd3 Bd6 14.
a4 Qd7 15. a5 Nc8 16. O-O O-O 17. f4 Ne7 18. Rcd1 f5 19. Ng3 fxe4 20. Ncxe4 Nd5 21. Qxd5 cxd5 22. Nf6+ Kg7 23. Nxd7 Bxd3 24. Rxd3 Rfc8 25.
Nh5+ Kh8 26. Ne5 Rc7 27. f5 Bxe5 28. dxe5 Rg8 29. Nf6 Rg5 30. h4 Rxf5 31. Rxf5 exf5 32. Rxd5 Rc8 33. Rd7 Kg7 34. Rxb7 a6 35. Nh5+ Kf8 36. Ra7 Rc5 37. Nf6 Kg7 38. Nh5+ Kf8 39. Rxa6 Rxe5 40. Ra8+ Ke7 41. a6 1-0

[Event "Early-Titled-Tuesday-Blitz-April-02-2024"]
[Site "Chess.com"]
[Date "2024.04.02"]
[Round "11"]
[White "Msb2"]
[Black "MyDream003"]
[Result "1-0"]
[WhiteElo "3033"]
[BlackElo "2858"]
[TimeControl "180+1"]
[EndTime "10:06:12 PDT"]
[Termination "Msb2 won by resignation"]

1. d4 Nf6 2. c4 e6 3. Nc3 d5 4.
cxd5 exd5 5. Bg5 c6 6. e3 Be7 7.
Bd3 O-O 8. h3 Nbd7 9. Qc2 Re8 10. Nf3 Nf8 11. O-O Ne4 12. Bf4 Nd6 13. b4 Ng6 14.
Bg3 Bd7 15. a4 Rc8 16. Qb3 Be6 17. Rfd1 Nh4 18. Ne5 Nhf5 19. Bh2 Nh4 20. Be2 f6 21. Nf3 Nxf3+ 22. Bxf3 Nc4 23. b5 Qa5 24. Rac1 Bf7 25. Bg4 Rcd8 26. bxc6 bxc6 27. Qb7 Bb4 28. Bc7 Nb6 29. Bxd8 Rxd8 30. Qxc6 h5 31. Be6 Bxe6 32. Qxe6+ Kh8 33. Ne2 Qxa4 34. Nf4 Re8 35. Qf5 Kg8 36.
Qxh5 a5 37. Nxd5 Qb5 38. Nxf6+ 1-0

[Event "Early-Titled-Tuesday-Blitz-April-02-2024"]
[Site "Chess.com"]
[Date "2024.04.02"]
[Round "11"]
[White "Binary010"]
[Black "Shuvalov"]
[Result "1-0"]
[WhiteElo "2782"]
[BlackElo "2599"]
[TimeControl "180+1"]
[EndTime "10:06:17 PDT"]
[Termination "Binary010 won by resignation"]

1. d4 Nf6 2. c4 c5 3. d5 b5 4. cxb5 a6 5. bxa6 Bxa6 6. Nc3 g6 7. e4 Bxf1 8. Kxf1 d6 9. Nf3 Bg7 10. g3 Nbd7 11. Kg2 O-O 12. a4 Qb6 13. Ra3 Rfb8 14.
Re1 Qb4 15. Nd2 c4 16. Nf3 Nc5 17. Nd4 Qb7 18. Nc6 Re8 19. Nb5 Ncxe4 20. Rae3 e6 21. Rxe4 Nxe4 22. Rxe4 exd5 23. Qxd5 Rxe4 24. Qxe4 Kh8 25.
Nxd6 Qd7 26. Ne5 Bxe5 27. Qxa8+ Kg7 28. Ne8+ Kf8 29. Nf6+ Kg7 30. Nxd7 1-0

[Event "Early-Titled-Tuesday-Blitz-April-02-2024"]
[Site "Chess.com"]
[Date "2024.04.02"]
[Round "11"]
[White "Tugrik1969"]
[Black "N_I_Chess"]
[Result "1-0"]
[WhiteElo "2551"]
[BlackElo "2391"]
[TimeControl "180+1"]
[EndTime "10:06:17 PDT"]
[Termination "Tugrik1969 won by resignation"]

1. d4 Nf6 2. c4 e6 3. Nf3 Bb4+ 4. Bd2 Qe7 5. g3 O-O 6. Nc3 d6 7. Bg2 Bxc3 8. Bxc3 Ne4 9. Qc2 Nxc3 10. Qxc3 Nd7 11.
O-O c6 12. e4 e5 13. Rfe1 Re8 14. Rad1 Nf6 15. h3 b6 16. b4 a5 17. a3 axb4 18. axb4 Bb7 19. dxe5 dxe5 20. c5 bxc5 21. bxc5 Ba6 22.
Rd6 Bb5 23. Nh4 Ra4 24. Nf5 Qc7 25. Qd2 Rc4 26. Rxf6 Rxc5 27. Qg5 g6 28. Nh6+ Kg7 29. Rxf7+ Qxf7 30. Nxf7 Kxf7 31. Qh6 Kg8 32. Rd1 1-0

[Event "Early-Titled-Tuesday-Blitz-April-02-2024"]
[Site "Chess.com"]
[Date "2024.04.02"]
[Round "11"]
[White "wild3000"]
[Black "Orest_Vovk"]
[Result "1-0"]
[WhiteElo "2381"]
[BlackElo "2538"]
[TimeControl "180+1"]
[EndTime "10:06:17 PDT"]
[Termination "wild3000 won by resignation"]

1. d4 e6 2. Nf3 Be7 3. g3 g5 4. c4 g4 5. Ne5 h5 6. h3 d6 7. Nd3 Bf6 8. Be3 Nc6 9. Nc3 Nxd4 10.
hxg4 hxg4 11. Rxh8 Bxh8 12. Bg2 c5 13. Bf4 e5 14.
Bd2 Ne7 15. e3 f5 16. exd4 cxd4 17. Nd5 e4 18. N3f4 Nxd5 19. cxd5 Qb6 20. Qb3 Qxb3 21. axb3 Bd7 22. Bb4 Ke7 23. Ng6+ Kf6 24. Nxh8 Rxh8 25. Bxd6 Bb5 26. Bc5 Ke5 27. Ra5 a6 28. d6 Kd5 29.
b4 Rh2 30. Rxb5 axb5 31. d7 Rh8 32. Bb6 Kc4 33. d8=Q Rxd8 34. Bxd8 Kxb4 35. Bf6 Kc4 36.
Kd2 b4 37. Bf1+ d3 38. Be5 Kd5 39. Bh8 Kc4 40. Ke3 b6 41. Bg7 b5 42. Bh8 Kb3 43. Bxd3 exd3 44. Kxd3 Ka2 45. Ke3 b3 46. Kf4 1-0

[Event "Early-Titled-Tuesday-Blitz-April-02-2024"]
[Site "Chess.com"]
[Date "2024.04.02"]
[Round "11"]
[White "colegiodemadrid"]
[Black "IMchanged"]
[Result "0-1"]
[WhiteElo "2528"]
[BlackElo "2679"]
[TimeControl "180+1"]
[EndTime "10:06:18 PDT"]
[Termination "IMchanged won by resignation"]

1. e4 c6 2. d4 d5 3. Nc3 dxe4 4. Nxe4 Nf6 5. Nxf6+ exf6 6. c3 g6 7. Bd3 Bg7 8. Qc2 O-O 9. Bd2 Re8+ 10. Ne2 Bg4 11. f3 Be6 12. h4 h5 13. O-O-O a5 14. Kb1 Qd5 15. c4 Qd7 16. Bc3 b5 17. d5 cxd5 18.
Be4 dxe4 19. Rxd7 Nxd7 20. cxb5 exf3 21. Nd4 fxg2 22. Qxg2 Bg4 23. Re1 Ne5 24. Nc6 Bf3 25. Qf1 Bd5 26. Nxe5 fxe5 27. a4 Bb3 28. b6 Bxa4 29.
Qc4 Bd7 30. Qc7 Bf5+ 31. Ka1 Rac8 32. Qd6 Rc4 33. Ka2 Bc2 34. b3 Rxc3 35. Kb2 e4 36. b7 Rc6+ 0-1

[Event "Early-Titled-Tuesday-Blitz-April-02-2024"]
[Site "Chess.com"]
[Date "2024.04.02"]
[Round "11"]
[White "wqws"]
[Black "Kostya0705"]
[Result "1-0"]
[WhiteElo "2723"]
[BlackElo "2565"]
[TimeControl "180+1"]
[EndTime "10:06:20 PDT"]
[Termination "wqws won by resignation"]

1. e4 c5 2. Nf3 e6 3. d4 cxd4 4. Nxd4 Nc6 5. Nc3 Qc7 6. Be3 a6 7. Qd2 Nf6 8. O-O-O b5 9. f3 h5 10. Kb1 Be7 11. h3 h4 12. Nce2 Bb7 13. Nxc6 Bxc6 14.
Nf4 b4 15. Nd3 a5 16. Bf4 d6 17. e5 Nd5 18. exd6 Bxd6 19. Bxd6 Qxd6 20. Qg5 Kf8 21. Be2 a4 22. Qe5 Qxe5 23. Nxe5 Bb7 24. Bc4 Ke7 25. Bxd5 Bxd5 26. Rd4 b3 27. cxb3 axb3 28. a3 Rac8 29. Rd2 Rc7 30. Rc1 Rhc8 31. Rxc7+ Rxc7 32. Rd3 f6 33.
Ng4 Kd6 34. Rc3 Rxc3 35. bxc3 e5 36. Kb2 Kc5 37. Ne3 Be6 38. Nf1 f5 39. Nd2 Bd5 40. Nxb3+ Kb5 41. Nd2 e4 42. fxe4 fxe4 43. c4+ Bxc4 44.
Nxc4 Kxc4 45. Kc2 Kd4 46. Kd2 Kc4 47. Ke3 Kb3 48. Kxe4 Kxa3 49. Kf4 Kb4 50. Kg5 Kc5 51. Kg6 Kd6 52. Kxg7 1-0

[Event "Early-Titled-Tuesday-Blitz-April-02-2024"]
[Site "Chess.com"]
[Date "2024.04.02"]
[Round "11"]
[White "zverr1"]
[Black "Irina_Mikhaylova"]
[Result "1-0"]
[WhiteElo "2547"]
[BlackElo "2350"]
[TimeControl "180+1"]
[EndTime "10:06:21 PDT"]
[Termination "zverr1 won by resignation"]

1. e4 c5 2. Nf3 Nc6 3. d4 cxd4 4. Nxd4 e5 5. Nb5 d6 6. N1c3 a6 7. Na3 b5 8. Nd5 Nge7 9. Be3 Nxd5 10. exd5 Ne7 11. c4 Nf5 12. Bd2 Be7 13. cxb5 O-O 14. Be2 e4 15. O-O Bf6 16. Bc3 Bxc3 17. bxc3 Qa5 18.
Qb3 axb5 19. Nxb5 Ba6 20. a4 Rfc8 21. Qb4 Qd8 22. Bg4 Bxb5 23. axb5 Rxa1 24. Rxa1 Qg5 25.
Bxf5 Qxf5 26. Qxd6 h5 27. b6 e3 28. fxe3 Qd3 29.
b7 Qxe3+ 30. Kh1 Re8 31. b8=Q 1-0